 Dungeon Crawl Stone Soup version 0.27-a0-1548-gf8a67e7463 (webtiles) character file.

Game seed: 1647808657506760051

24 tilp the Caller (level 3, 0/27 HPs)
             Began as a Barachi Summoner on July 13, 2021.
             Frozen to death by an endoplasm (3 damage)
             ... on level 2 of the Dungeon.
             The game lasted 00:01:35 (1279 turns).

tilp the Caller (Barachi Summoner)                  Turns: 1279, Time: 00:01:36

Health: 0/27       AC:  3    Str: 10    XL:     3   Next: 2%
Magic:  5/6        EV: 12    Int: 15    God:
Gold:   14         SH:  0    Dex: 12    Spells: 6/7 levels left

rFire    + . .     SeeInvis .   a - +1 hand axe
rCold    . . .     Faith    .   (no shield)
rNeg     . . .     Spirit   .   f - +1 robe {rF+}
rPois    .         Reflect  .   (no helmet)
rElec    .         Harm     .   (no cloak)
rCorr    .         Rampage  .   (no gloves)
Will     .....                  (no boots)
Stlth    ++........             (no amulet)
HPRegen  0.09/turn              (no ring)
MPRegen  0.10/turn              (no ring)

@: slow
A: amphibious, slowness 1, strong legs 1, +LOS
a: Hop


You were on level 2 of the Dungeon.
You visited 1 branch of the dungeon, and saw 2 of its levels.

You collected 14 gold pieces.

Inventory:

Hand Weapons
 a - a +1 hand axe (weapon)
 b - a +0 dagger
Armour
 f - a +1 robe of fire resistance (worn)
Scrolls
 g - a scroll of enchant weapon
 h - a scroll of teleportation
Potions
 d - a potion of curing
 e - a potion of heal wounds {unknown}


   Skills:
 - Level 2.0 Fighting
 - Level 2.1 Dodging
 - Level 1.7 Stealth
 + Level 2.6 Spellcasting
 + Level 5.1 Summonings


You had 6 spell levels left.
You knew the following spells:

 Your Spells              Type           Power      Damage    Failure   Level
a - Summon Small Mammal   Summ           68%        N/A       2%          1

Your spell library contained the following spells:

 Spells                   Type           Power      Damage    Failure   Level
 Call Imp                 Summ           17%        N/A       3%          2
 Call Canine Familiar     Summ           17%        N/A       8%          3
 Summon Guardian Golem    Hex/Summ       9%         N/A       22%         3
 Summon Lightning Spire   Summ/Air       9%         N/A       58%         4


Dungeon Overview and Level Annotations

Branches:
Dungeon (2/15)

Altars:


Innate Abilities, Weirdness & Mutations

You are amphibious.
You cover ground slowly.
You can hop short distances.
You have an extended range of vision and can be seen from far away.


Message History

You are too injured to fight recklessly!
Unknown command.
You are too injured to fight recklessly!
Unknown command.
You swap places.
Your quokka closely misses the kobold.
The kobold hits your quokka with a +0 dagger.
Your quokka misses the kobold.
You swap places.
The kobold closely misses you.
Unknown command.
You hit the kobold but do no damage.
The kobold is moderately wounded.
You hit the endoplasm but do no damage. The endoplasm freezes you.
You are frozen.
The kobold hits you but does no damage. The endoplasm freezes you.
You are frozen.
A ball python comes into view.
The kobold hits you but does no damage.
The ball python hisses angrily.
You hit the kobold.
The kobold is severely wounded.
You hit the endoplasm but do no damage. The endoplasm freezes you.
You are frozen.
* * * LOW HITPOINT WARNING * * *
The kobold hits you but does no damage.
You hit the kobold but do no damage.
The kobold is severely wounded.
You hit the endoplasm but do no damage. The endoplasm freezes you.
You are frozen.
* * * LOW HITPOINT WARNING * * *
The kobold closely misses you.
You closely miss the kobold.
The kobold is severely wounded.
You hit the endoplasm.
The endoplasm jiggles.
The endoplasm freezes you.
You are frozen.
You die...

##. .. ..#
###).###
....##..
........
##......#
#KJ...S.#
#@#....#
#r.....#
#).##...# .
#..8# ...
..>.########..##
. #.....<.....#
....###.......##
.............8#
.........[...##


You could see an endoplasm, a ball python, a kobold (ally target) and a friendly
quokka (summoned).

Vanquished Creatures
  3 ball pythons (D:1)
  An endoplasm (D:1)
  A goblin (D:2)
  A hobgoblin (D:1)
  5 kobolds (D:1)
  3 bats (D:1)
  2 frilled lizards
  2 rats (D:1)
18 creatures vanquished.

Vanquished Creatures (collateral kills)
  A dart slug (D:1)
  An endoplasm (D:1)
  2 goblins (D:1)
  A quokka (D:1)
  A bat (D:1)
6 creatures vanquished.

Grand Total: 24 creatures vanquished

Notes
Turn   | Place    | Note
-------+----------+-------------------------------------------
     0 | D:1      | tilp the Barachi Summoner began the quest for the Orb.
     0 | D:1      | Reached XP level 1. HP: 13/13 MP: 3/3
   204 | D:1      | Reached skill level 1 in Fighting
   342 | D:1      | Reached XP level 2. HP: 17/22 MP: 0/5
   600 | D:1      | Reached skill level 5 in Summonings
  1269 | D:2      | Reached XP level 3. HP: 21/27 MP: 4/6
  1279 | D:2      | Frozen to death by an endoplasm

Illustrated notes

Levels and vault maps discovered:
D:1:      lemuel_arrival_funnel, layout_basic
D:2:      layout_rooms, ebering_ecumenical_altar_webs, serial_corexii_hall,
          chequers_hall_statues_corner_a, corexii_hall_statues_deadend

Skill      XL: |  1  2 |
---------------+-------+-----
Fighting       | 2 |  2.0
Summonings     | 5 |  5.1
Dodging        | |  2.1
Stealth        | |  1.7
Spellcasting   | |  2.6

Action                   || total
-------------------------++-------
Melee: Dagger            ||     7
       Hand axe          ||    59
 Cast: Summon Small Mamm ||    28
  Use: Scroll            ||     4
 Stab: Sleeping          ||     1
Armor: Robe              ||    29
Dodge: Dodged            ||    58

Table legend: (Time is in decaauts)
 A = Elapsed time spent in this place.
 B = Non-inter-level travel time spent in this place.
 C = Inter-level travel time spent in this place.
 D = Time resting spent in this place.
 E = Time spent auto-exploring this place.
 F = Levels seen in this place.
 G = Mean time per level.
                   A        B        C        D        E       F      G
               +--------+--------+--------+--------+--------+-----+--------+
         Total |   1400 |   1383 |     17 |     12 |   1130 |   2 |  700.0 |
       Dungeon |   1400 |   1383 |     17 |     12 |   1130 |   2 |  700.0 |
               +--------+--------+--------+--------+--------+-----+--------+

Top non-repeatable levels by time:
     D:1: 1375 daAuts
     D:2: 25 daAuts
